 Dungeon Crawl Stone Soup version 0.30.1-11-g7821555f0a (webtiles) character file.

Game seed: 5925535735854873070

2356 Arctor the Trooper (level 9, 0/71 HPs)
             Began as a Human Fighter on Jan 13, 2024.
             Was a Priest of Okawaru.
             Slain by Pikel
             ... wielding a +0 whip of electrocution
              (14 damage)
             ... on level 9 of the Dungeon.
             The game lasted 00:07:41 (6787 turns).

Arctor the Trooper (Human Fighter)                  Turns: 6787, Time: 00:07:41

Health: 0/71       AC: 16    Str: 20    XL:     9   Next: 71%
Magic:  0/9        EV: 10    Int: 10    God:    Okawaru [***...]
Gold:   326        SH:  6    Dex: 14    Spells: 8/8 levels left

rFire   . . .        a - +0 war axe
rCold   . . .        c - +0 buckler
rNeg    . . .        p - +7 ring mail of Ficsaf {rPois Dex+2}
rPois   +            F - +0 helmet
rElec   .            (no cloak)
rCorr   .            (no gloves)
SInv    .            l - +0 pair of boots
Will    .....        o - amulet of guardian spirit
Stlth   +            k - ring of flight
HPRegen 0.31/turn    (no ring)
MPRegen 0.11/turn

%: guardian spirit
@: mighty, flying
A: no striking features
a: Renounce Religion, Heroism


You were on level 9 of the Dungeon.
You worshipped Okawaru.
Okawaru was most pleased with you.
You visited 1 branch of the dungeon, and saw 9 of its levels.

You collected 326 gold pieces.

Inventory:

Hand Weapons
 a - a +0 war axe (weapon)
Armour
 b - a +0 scale mail
 c - a +0 buckler (worn)
 l - a +0 pair of boots (worn)
 p - the +7 ring mail of Ficsaf (worn) {rPois Dex+2}
   (You found it on level 4 of the Dungeon)

   Dex:       It affects your dexterity (+2).
   rPois:     It protects you from poison.
 F - a +0 helmet (worn)
Jewellery
 k - a ring of flight (left hand)
 o - an amulet of guardian spirit (around neck)
 v - a ring of positive energy
Wands
 y - a wand of acid (15)
 E - a wand of polymorph (13)
Scrolls
 e - 2 scrolls of amnesia {unknown}
 f - 2 scrolls of fog {unknown}
 g - 11 scrolls of identify {unknown}
 i - 2 scrolls of enchant armour {unknown}
 j - 2 scrolls of butterflies {unknown}
 m - 3 scrolls of vulnerability {unknown}
 n - 2 scrolls of noise {unknown}
 q - a scroll of fear {unknown}
 r - 2 scrolls of torment {unknown}
 s - 2 scrolls of immolation {unknown}
 u - 2 scrolls of enchant weapon {unknown}
 w - a scroll of poison {unknown}
 x - 3 scrolls of teleportation {unknown}
 A - a scroll of magic mapping {unknown}
 C - 3 scrolls of blinking {unknown}
Potions
 h - 2 potions of curing
 t - 2 potions of brilliance
 z - a potion of magic {unknown}
 B - a potion of lignification {unknown}
 D - a potion of flight {unknown}


   Skills:
 - Level 6.9 Fighting
 - Level 6.4 Axes
 - Level 6.8 Armour
 - Level 6.8 Shields
 + Level 0.7 Invocations


You had 8 spell levels left.
You didn't know any spells.
Your spell library contained the following spells:

 Spells                   Type           Power      Damage    Failure   Level
 Inner Flame              Hex/Fire       0%         N/A       91%         3
 Ozocubu's Armour         Ice            0%         N/A       91%         3
 Flame Wave               Conj/Fire      0%         2d4       100%        4
 Passage of Golubria      Tloc           0%         N/A       100%        4
 Sticky Flame             Conj/Fire      0%         2d3       100%        4
 Yara's Violent Unravell  Hex/Tmut       0%         3d3       100%        5
 Ozocubu's Refrigeration  Ice            0%         4d7       100%        7
 Tukima's Dance           Hex            Unusable   N/A       N/A         3

Dungeon Overview and Level Annotations

Branches:
Dungeon (9/15)             Temple (0/1) D:7
   Lair: D:8-11         Orc: D:9-12

Altars:
Ashenzari
Cheibriados
Elyvilon
Hepliaklqana
Okawaru
Ru
Trog
Wu Jian
Yredelemnul

Shops:
D:1 !   D:4 (

Annotations:
D:9 Pikel


Message History

You closely miss Pikel. You hit the orc warrior.
The orc hits you but does no damage.
The orc warrior hits you with a +0 war axe!
Pikel hits you but does no damage.
You are electrocuted!!
* * * LOW HITPOINT WARNING * * *
Pikel hits you with a +0 whip of electrocution.
* * * LOW HITPOINT WARNING * * *
The orc hits you but does no damage. The orc warrior barely misses you.
Unknown command.
The lemure attacks as you move away! The lemure hits you but does no damage.
Pikel attacks as you move away! Pikel hits you but does no damage.
Found a lead wand.
You block Pikel's attack. The lemure attacks as you move away!
The lemure closely misses you. The lemure hits you but does no damage.
Pikel attacks as you move away! Pikel hits you but does no damage.
Pikel attacks as you move away! Pikel closely misses you.
Found a stone staircase leading down.
You see here a +0 robe.
Found 13 gold pieces.
Pikel attacks as you move away! You block Pikel's attack.
Found 12 gold pieces, a ring mail and 6 stones.
Pikel says, "Time is money, and you're costing me too much!"
There is a stone staircase leading down here.
Pikel barely misses you. The orc barely misses you.
You fly downwards.
Found 4 stones.
Found a stone staircase leading down.
There is a stone staircase leading up here.
You slice Pikel!!
Pikel is heavily wounded.
Pikel says, "Hell isn't that bad."
Pikel hits you but does no damage.
You slash Pikel!
Pikel is severely wounded.
Pikel hits you with a +0 whip of electrocution.
* * * LOW HITPOINT WARNING * * *
You closely miss Pikel.
Pikel is severely wounded.
Pikel hits you but does no damage.
You are electrocuted!!
You die...

...#... ...>...
....... .......
....... .......
##.......
#@.......
.....(K.####..#
.##...###
....#. ..# # #


You could see Pikel.

Vanquished Creatures
  Prince Ribbit (D:6)
  A steam dragon (D:6)
  2 ice beasts (D:7)
  A black bear (D:4)
  2 sky beasts
  2 ogres (D:6)
  A centaur (D:7)
  A phantom (D:4)
  2 kobold brigands (D:6)
  Blork the orc (D:6)
  A bullfrog (D:7)
  4 scorpions
  A howler monkey (D:6)
  2 hounds (D:5)
  2 jellies
  Jessica (D:3)
  5 iguanas
  2 sleepcaps (D:7)
  An orc wizard (D:8)
  Robin (D:3)
  11 gnolls
  12 adders
  A white imp (D:4)
  2 ufetubi
  4 worms
  5 dart slugs
  7 orcs
  8 endoplasms
  5 giant cockroaches
  14 goblins
  9 hobgoblins
  3 quokkas
  4 ball pythons
  7 bats
  3 frilled lizards
  14 kobolds
  5 rats
148 creatures vanquished.

Notes
Turn   | Place    | Note
-------+----------+-------------------------------------------
     0 | D:1      | Arctor the Human Fighter began the quest for the Orb.
     0 | D:1      | Reached XP level 1. HP: 18/18 MP: 1/1
   172 | D:1      | Reached XP level 2. HP: 24/24 MP: 2/2
   601 | D:1      | Found Qyg Awop's Distillery.
   616 | D:1      | Reached XP level 3. HP: 27/29 MP: 3/3
   765 | D:2      | Found a faded altar of an unknown god.
   993 | D:2      | Found an iron altar of Okawaru.
  1067 | D:2      | Reached XP level 4. HP: 35/35 MP: 4/4
  1262 | D:2      | Reached XP level 5. HP: 27/41 MP: 5/5
  1819 | D:3      | Found an iron altar of Okawaru.
  1835 | D:3      | Became a worshipper of Warmaster Okawaru
  2059 | D:3      | Noticed Jessica
  2066 | D:3      | Killed Jessica
  2371 | D:3      | Noticed Robin
  2389 | D:3      | Reached XP level 6. HP: 43/48 MP: 6/6
  2397 | D:3      | Killed Robin
  2822 | D:4      | Found a broken altar of Ashenzari.
  2900 | D:4      | Identified the +7 ring mail of Ficsaf {rPois Dex+2}
  3007 | D:4      | Found Jepseuha's Antique Weapon Emporium.
  3424 | D:4      | Found a bloodstained altar of Trog.
  3585 | D:4      | Found an ornate altar of the Wu Jian Council.
  3589 | D:4      | Reached * piety under Okawaru
  3762 | D:4      | Reached XP level 7. HP: 46/55 MP: 7/7
  3938 | D:5      | Entered Level 5 of the Dungeon
  4060 | D:5      | Found a white marble altar of Elyvilon.
  4423 | D:5      | Reached skill level 5 in Fighting
  4423 | D:5      | Reached skill level 5 in Armour
  4490 | D:5      | Reached ** piety under Okawaru
  4491 | D:5      | Reached skill level 5 in Shields
  4491 | D:5      | Reached XP level 8. HP: 53/62 MP: 8/8
  4929 | D:5      | Found a faded altar of an unknown god.
  4929 | D:5      | Found a faded altar of an unknown god.
  4931 | D:5      | Found a hazy altar of Hepliaklqana.
  5109 | D:6      | Found a sacrificial altar of Ru.
  5156 | D:6      | Reached skill level 5 in Axes
  5331 | D:6      | Noticed Blork the orc
  5339 | D:6      | Killed Blork the orc
  5548 | D:6      | Noticed Prince Ribbit
  5557 | D:6      | Reached *** piety under Okawaru
  5558 | D:6      | Reached XP level 9. HP: 51/69 MP: 4/9
  5574 | D:6      | Killed Prince Ribbit
  5847 | D:6      | Found a basalt altar of Yredelemnul.
  6230 | D:7      | Found a snail-covered altar of Cheibriados.
  6413 | D:7      | Found a staircase to the Ecumenical Temple.
  6760 | D:8      | Noticed Pikel
  6787 | D:9      | Slain by Pikel

Illustrated notes

Levels and vault maps discovered:
D:1:      amcnicky_arrival_underground_garden, layout_loops_ring, serial_shops,
          shop, minmay_tetromino_o2
D:2:      layout_basic, shapermc_ecumenical_altar_notcrosses, basic_altar
D:3:      layout_loops_corners, mainiacjoe_overflow_chevrons, uniq_jessica,
          uniq_robin
D:4:      layout_loops_corners, trog_book, nicolae_wu_jian_wuxing_cycle,
          ashenzari_altar_1, serial_shops, nicolae_square_shop
D:5:      layout_rooms, nicolae_hepliaklqana_ecumenical_no_more,
          elyvilon_altar_3, kennysheep_windowed_goal
D:6:      layout_layer_cave, lemuel_tele_altar, nicolae_ru_the_path_less_chosen,
          serial_park_tiny_2, uniq_prince_ribbit1, uniq_blork_the_orc
D:7:      layout_basic, kennysheep_mini, minmay_temple_entry_statues_fountains
D:8:      layout_rooms, mainiacjoe_overflow_brackets,
          lightli_ossuary_entry_decrepit_ruins, due_unseen_surprise, uniq_pikel,
          uniq_grum
D:9:      layout_rooms, led_xom_imps, nicolae_gozag_seed_capital, special_room
          [special_room_kobold]

Skill      XL: |  1  2  3  4  5  6  7  8  9 |
---------------+----------------------------+-----
Axes           | 3 4 5 6 |  6.4
Fighting       | 4 5 6 |  6.9
Armour         | 4 5 6 |  6.8
Shields        | 4 5 6 |  6.8
Invocations    | |  0.7

Action                     |  1- 3 |  4- 6 |  7- 9 || total
---------------------------+-------+-------+-------++-------
  Melee: War axe           |    64 |   234 |   234 ||   532
    Use: Potion            |       |       |     7 ||     7
 Armour: Scale mail        |    30 |   112 |    42 ||   184
         Ring mail         |       |       |    89 ||    89
  Dodge: Dodged            |    25 |   113 |   144 ||   282
  Block: Buckler           |    11 |    52 |    70 ||   133
